AoeStats
← Caesar

Black Forest

503182211Analyzed
2v2 RM · 1mo ago on Aug 30, 2026· 54m 27s· 4 players
Game mode
Random Map
Map size
Medium (4 player)
Population
200
Speed
Normal
Resources
Standard
Victory
Conquest
Starting age
Dark Age
Ending age
Imperial Age
RankedLock teamsTeams togetherTeam positionsShared explorationLock speedFull tech treeHidden civsTurbo modeCheats
Victory
Defeat
🇩🇪 Hindustanis · Germany
1068
+13
🇩🇪 Spanish · Germany
1045
+14
🇳🇱 Japanese · Netherlands
1009
-14
🇳🇱 Britons · Netherlands
1009
-14
Legobaumeister
11:06 Feudal Age
9:25 Loom
17:44 Castle Age
17:33 Double-Bit Axe
17:46 Horse Collar
19:03 Bow Saw
20:55 Heavy Plow
24:54 Gold Mining
26:24 Wheelbarrow
25:53 Stone Mining
27:30 Hand Cart
32:35 Imperial Age
30:47 Town Watch
31:03 Caravan
32:34 Stone Shaft Mining
32:33 Forging
32:28 Scale Barding Armor
32:32 Town Patrol
32:56 Husbandry
33:09 Bloodlines
34:08 Iron Casting
33:56 Conscription
32:58 Elite Conquistador
35:46 Chemistry
35:07 Ballistics
34:45 Murder Holes
35:01 Masonry
34:53 Murder Holes
35:19 Ballistics
37:08 Two-Man Saw
37:35 Blast Furnace
36:56 Chain Barding Armor
37:16 Light Cavalry
37:16 Cavalier
39:51 Architecture
39:52 Paladin
40:04 Hussar
44:48 Plate Barding Armor
44:04 Fletching
44:19 Padded Archer Armor
45:26 Bombard Tower
45:55 Bodkin Arrow
46:01 Padded Archer Armor
47:55 Bracer
48:14 Leather Archer Armor
Geromiel
0:30 Loom
9:11 Loom
10:59 Feudal Age
15:07 Castle Age
14:01 Double-Bit Axe
14:01 Horse Collar
17:22 Bow Saw
18:31 Heavy Plow
18:53 Stone Mining
19:45 Gold Mining
21:28 Fletching
23:32 Wheelbarrow
23:00 Town Watch
24:39 Hand Cart
25:39 Gold Shaft Mining
25:18 Bodkin Arrow
27:26 Stone Shaft Mining
27:41 Town Patrol
28:09 Pikeman
28:50 Squires
29:00 Scale Barding Armor
29:06 Forging
29:13 Padded Archer Armor
29:38 Caravan
33:07 Imperial Age
31:15 Bloodlines
31:05 Husbandry
30:29 Elite Skirmisher
32:10 Coinage
32:19 Leather Archer Armor
32:25 Chain Barding Armor
32:21 Grand Trunk Road
33:10 Iron Casting
32:43 Squires
32:29 Arson
33:19 Heavy Camel Rider
34:02 Shatagni
34:23 Conscription
34:07 Bracer
34:38 Ring Archer Armor
35:41 Two-Man Saw
36:06 Chemistry
35:26 Ballistics
35:17 Masonry
35:03 Murder Holes
35:54 Plate Barding Armor
36:39 Banking
36:11 Imperial Camel Rider
37:54 Blast Furnace
37:09 Thumb Ring
38:11 Scale Mail Armor
44:40 Hoardings
44:24 Siege Engineers
44:22 Light Cavalry
45:23 Siege Elephant
46:59 Hussar
50:25 Chain Mail Armor
Smidjuh
0:29 Loom
12:26 Feudal Age
14:15 Feudal Age
18:57 Castle Age
17:19 Horse Collar
17:27 Double-Bit Axe
19:34 Wheelbarrow
19:47 Stone Mining
21:01 Heavy Plow
21:22 Bow Saw
22:24 Gold Mining
25:22 Fletching
26:03 Town Watch
27:42 Gold Shaft Mining
27:08 Bodkin Arrow
27:33 Caravan
35:48 Imperial Age
34:30 Fortified Wall
36:05 Ballistics
37:14 Onager
37:19 Pikeman
37:59 Squires
37:45 Arson
38:27 Hand Cart
38:13 Town Patrol
38:15 Bracer
39:20 Chemistry
39:02 Conscription
38:13 Elite Skirmisher
40:10 Siege Engineers
39:57 Heated Shot
39:53 Treadmill Crane
40:45 Yeomen
40:46 Elite Longbowman
44:24 Halberdier
50:14 Two-Man Saw
50:04 Padded Archer Armor
54:19 Leather Archer Armor
Caesar
0:26 Loom
15:42 Feudal Age
21:01 Castle Age
18:46 Horse Collar
18:53 Double-Bit Axe
19:20 Gold Mining
19:27 Stone Mining
25:29 Bow Saw
28:15 Wheelbarrow
27:27 Town Watch
32:47 Gold Shaft Mining
32:17 Heavy Plow
32:32 Forging
32:26 Caravan
33:04 Scale Mail Armor
33:00 Fletching
33:12 Padded Archer Armor
33:31 Hand Cart
33:19 Town Patrol
37:14 Imperial Age
35:04 Fortified Wall
35:15 Ballistics
34:36 Treadmill Crane
35:35 Iron Casting
36:36 Chain Mail Armor
36:17 Bodkin Arrow
36:34 Squires
36:21 Arson
39:37 Conscription
38:40 Elite Samurai
39:12 Elite Skirmisher
39:15 Crossbowman
40:04 Thumb Ring
40:02 Bracer
40:19 Leather Archer Armor
40:36 Plate Mail Armor
41:08 Blast Furnace
39:59 Arbalester
41:48 Chemistry
42:03 Two-Man Saw
42:36 Siege Engineers
42:55 Kataparuto
43:20 Hoardings
44:15 Ring Archer Armor
45:14 Pikeman
47:50 Halberdier
51:07 Murder Holes
51:22 Masonry
Connection lost

Rejoining the realm…

Still unreachable

The connection could not be restored.

Session expired

The server has moved on; the page needs a fresh start.